 Dungeon Crawl Stone Soup version 0.30.1-1-g62c8e00024 (webtiles) character file.

Game seed: 239365995126438437

319 Gorgoleon the Purveyor of Pain (level 6, -3/43 HPs)
             Began as a Human Necromancer on July 14, 2023.
             Was an Initiate of Kikubaaqudgha.
             Killed by nerve-wracking pain
             ... invoked by Menkaure
              (6 damage)
             ... on level 4 of the Dungeon.
             The game lasted 00:16:02 (3678 turns).

Gorgoleon the Purveyor of Pain (Human Necromancer)  Turns: 3678, Time: 00:16:02

Health: -3/43      AC:  6    Str: 11    XL:     6   Next: 74%
Magic:  9/9        EV: 12    Int: 15    God:    Kikubaaqudgha [......]
Gold:   142        SH:  0    Dex: 13    Spells: 1/9 levels left

rFire   . . .        i - +2 dagger (speed)
rCold   . . .        (no shield)
rNeg    . . .        f - +1 leather armour
rPois   .            d - +0 helmet
rElec   .            m - +0 cloak
rCorr   .            (no gloves)
SInv    .            (no boots)
Will    .....        (no amulet)
Stlth   ++           (no ring)
HPRegen 0.27/turn    (no ring)
MPRegen 0.11/turn

%: no passive effects
@: no status effects
A: no striking features
a: Renounce Religion


You were on level 4 of the Dungeon.
You worshipped Kikubaaqudgha.
Kikubaaqudgha was noncommittal.
You visited 1 branch of the dungeon, and saw 4 of its levels.

You collected 142 gold pieces.

Inventory:

Hand Weapons
 i - a +2 dagger of speed (weapon)
Missiles
 c - 38 stones
 l - 5 javelins
Armour
 d - a +0 helmet (worn)
 f - a +1 leather armour (worn)
 m - a +0 cloak (worn)
Scrolls
 a - a scroll of teleportation {unknown}
 g - a scroll of amnesia
Potions
 b - a potion of magic
 e - a potion of heal wounds


   Skills:
 + Level 1.4 Fighting
 + Level 3.0 Armour
 + Level 3.0 Dodging
 - Level 2.0 Stealth
 - Level 2.1 Spellcasting
 - Level 6.0 Necromancy


You had one spell level left.
You knew the following spells:

 Your Spells              Type           Power      Damage    Failure   Level
a - Necrotise             Necr           76%        1d7       2%          1
b - Vampiric Draining     Necr           19%        2d7       7%          3
c - Animate Dead          Necr           19%        N/A       24%         4

Your spell library contained the following spells:

 Spells                   Type           Power      Damage    Failure   Level
 Slow                     Hex            4%         N/A       28%         1
 Agony                    Necr           19%        N/A       54%         5


Dungeon Overview and Level Annotations

Branches:
Dungeon (4/15)
 Temple: D:4-7

Altars:
Ashenzari
Kikubaaqudgha
Qazlal
Sif Muna
Trog
Vehumet
Yredelemnul

Shops:
D:2 (

Annotations:
D:4 Menkaure


Message History

You hit Menkaure.
Menkaure is lightly damaged.
Menkaure hits you!
* * * LOW HITPOINT WARNING * * *
You hit Menkaure.
Menkaure is moderately damaged.
Menkaure closely misses you.
You barely miss Menkaure.
Menkaure is moderately damaged.
You hit Menkaure.
Menkaure is moderately damaged.
Menkaure misses you.
You hit Menkaure.
Menkaure is heavily damaged.
You barely miss Menkaure.
Menkaure is heavily damaged.
Menkaure closely misses you.
You hit Menkaure.
Menkaure is heavily damaged.
You barely miss Menkaure.
Menkaure is heavily damaged.
Menkaure hits you!
* * * LOW HITPOINT WARNING * * *
You hit Menkaure but do no damage.
Menkaure is heavily damaged.
You hit Menkaure but do no damage.
Menkaure is heavily damaged.
Menkaure casts a spell.
Menkaure seems to speed up.
You hit Menkaure.
Menkaure is severely damaged.
Menkaure misses you.
You hit Menkaure but do no damage.
Menkaure is severely damaged.
You hit Menkaure.
Menkaure is severely damaged.
Menkaure gestures at you while chanting.
Pain shoots through your body!
You die...
Kikubaaqudgha rasps: "You have failed me!
Welcome... death!"

.. #.....#...###+###
.. #.....#....#....+
.. #...>.#....+....#
.. #.....#...##>...#
..
#.....#...##....#....
#.....#...##....#....
#.....#...#.....#....
#..M@.'...'.....#....
#.....#...##....#....
#.....#...##....#....
#############...#<...
#...'....
♣♣♣##...#....
♣.......#....
♣........#....
♣♣.......#....


You could see Menkaure (fast).

Vanquished Creatures
  A hound (D:4)
  An orc priest (D:4)
  A jelly (D:4)
  Jessica (D:2)
  2 orc wizards (D:3)
  A gnoll (D:3)
  7 adders
  An ufetubus (D:4)
  2 worms
  5 orcs
  6 bats
  4 endoplasms
  2 giant cockroaches
  7 goblins
  9 hobgoblins
  2 jackals
  2 kobolds
  2 quokkas
  3 ball pythons
  A frilled lizard (D:2)
  3 rats
  A spectral kobold (D:2)
64 creatures vanquished.

Vanquished Creatures (collateral kills)
  A white imp (D:3)
1 creature vanquished.

Grand Total: 65 creatures vanquished

Notes
Turn   | Place    | Note
-------+----------+-------------------------------------------
     0 | D:1      | Gorgoleon the Human Necromancer began the quest for the
                  | Orb.
     0 | D:1      | Reached XP level 1. HP: 13/13 MP: 3/3
   356 | D:1      | Reached XP level 2. HP: 19/19 MP: 3/5
  1081 | D:2      | Reached XP level 3. HP: 18/24 MP: 3/6
  1093 | D:2      | Found a faded altar of an unknown god.
  1276 | D:2      | Found Egoehul's Weapon Emporium.
  1494 | D:2      | Reached skill level 1 in Armour
  1494 | D:2      | Reached XP level 4. HP: 31/31 MP: 7/7
  1505 | D:2      | Learned a level 3 spell: Vampiric Draining
  1516 | D:2      | Found a broken altar of Ashenzari.
  1546 | D:2      | Noticed Jessica
  1553 | D:2      | Killed Jessica
  1554 | D:2      | Reached skill level 5 in Necromancy
  2027 | D:3      | Reached XP level 5. HP: 36/36 MP: 5/8
  2073 | D:3      | Found a bloodstained altar of Trog.
  2109 | D:3      | HP: 1/36 [white imp (5)]
  2214 | D:3      | Found a shimmering blue altar of Sif Muna.
  2221 | D:3      | Got Sif Muna's Tome of Malediction
  2227 | D:3      | Learned a level 4 spell: Animate Dead
  2308 | D:3      | Found a basalt altar of Yredelemnul.
  3051 | D:4      | Reached skill level 1 in Fighting
  3051 | D:4      | Reached XP level 6. HP: 43/43 MP: 3/9
  3118 | D:4      | Found a radiant altar of Vehumet.
  3124 | D:4      | Found a stormy altar of Qazlal.
  3129 | D:4      | Found an ancient bone altar of Kikubaaqudgha.
  3137 | D:4      | Became a worshipper of Kikubaaqudgha
  3343 | D:4      | Reached skill level 6 in Necromancy
  3657 | D:4      | Noticed Menkaure
  3673 | D:4      | HP: 2/43 [Menkaure (8)]
  3678 | D:4      | Killed from afar by Menkaure

Illustrated notes

Levels and vault maps discovered:
D:1:      dpeg_arrival_rooms_b, layout_loops_cross, minivault_11
D:2:      layout_basic, dreamdust_ecumenical_altar_drowned_temple, basic_altar,
          serial_shops, nicolae_shop_back_alley_shop,
          amcnicky_mini_corridor_feature, columned_hall_lemuel, uniq_jessica
D:3:      layout_loops_ring, nzn_overflow_gifts_of_might_and_magic,
          yredelemnul_altar_generic
D:4:      layout_gridville, minmay_overflow_temple_star_quad, uniq_duvessa,
          uniq_edmund, uniq_crazy_yiuf_cottage, uniq_menkaure

Skill      XL: |  1  2  3  4  5  6 |
---------------+-------------------+-----
Armour         | 1 2 3 |  3.0
Necromancy     | 5 6 |  6.0
Fighting       | 1 |  1.4
Dodging        | 3 |  3.0
Stealth        | |  2.0
Spellcasting   | |  2.1

Action                     |  1- 3 |  4- 6 || total
---------------------------+-------+-------++-------
  Melee: Unarmed           |     6 |       ||     6
         Falchion          |    60 |       ||    60
         Punch             |     2 |     1 ||     3
         Dagger            |    25 |   121 ||   146
   Cast: Necrotise         |    19 |    62 ||    81
         Vampiric Draining |       |     3 ||     3
    Use: Scroll            |       |     5 ||     5
         Potion            |       |     1 ||     1
   Stab: Sleeping          |     1 |     2 ||     3
 Armour: Robe              |     2 |       ||     2
         Leather armour    |    25 |    33 ||    58
  Dodge: Dodged            |    62 |    68 ||   130
